 Dungeon Crawl Stone Soup version 0.23-a0-619-g281719c (webtiles) character file.

100 Azzok the Ruffian (level 4, -1/35 HPs)
             Began as a Demonspawn Fighter on Dec 22, 2018.
             Slain by Crazy Yiuf
             ... wielding a +3 quarterstaff of chaos
              (9 damage)
             ... on level 2 of the Dungeon.
             The game lasted 00:03:14 (2015 turns).

Azzok the Ruffian (Demonspawn Fighter)              Turns: 2015, Time: 00:03:14

Health: -1/35      AC: 10    Str: 16    XL:     4   Next: 46%
Magic:  0/4        EV:  4    Int:  7    God:
Gold:   82         SH:  8    Dex: 12    Spells: 3/3 levels left

rFire    . . .     SeeInvis .     - Unarmed
rCold    . . .     Gourm    .   b - +0 shield
rNeg     . . .     Faith    .   p - +0 chain mail
rPois    .         Spirit   +   (no helmet)
rElec    .         Reflect  .   (no cloak)
rCorr    .         Harm     .   (no gloves)
MR       .....                  (no boots)
Stlth    ..........             (no amulet)
HPRegen  0.11/turn              h - -4 ring of intelligence (curse)
MPRegen  0.09/turn              (no ring)

@: slowed, drained, very slow
A: icy blue scales 1, magic shield
a: no special abilities


You were on level 2 of the Dungeon.
You were not hungry.

You visited 1 branch of the dungeon, and saw 2 of its levels.

You collected 82 gold pieces.

Inventory:

Armour
 b - a +0 shield (worn)
 p - a +0 chain mail (worn)
Jewellery
 h - a cursed -4 ring of intelligence (left hand)
 i - an uncursed ring of ice
Wands
 q - a wand of acid (10)
Scrolls
 a - 3 scrolls of random uselessness {unknown}
 e - 2 scrolls of blinking {unknown}
 f - a scroll of magic mapping {unknown}
 g - a scroll of fear {unknown}
 k - 5 scrolls of identify {unknown}
 m - a scroll of teleportation {unknown}
 n - a scroll of enchant weapon {unknown}
 r - a scroll of remove curse {unknown}
Potions
 c - a potion of curing
 j - a potion of magic
 l - a potion of cancellation {unknown}
Comestibles
 d - 8 rations


   Skills:
 - Level 3.0(2.5) Fighting
 - Level 2.6(2.2) Armour
 - Level 2.6(2.2) Shields
 * Level 4.3(3.8) Unarmed Combat


You had 3 spell levels left.
You didn't know any spells.
Your spell library was empty.

Dungeon Overview and Level Annotations

Branches:
Dungeon (2/15)

Altars:

Annotations:
D:2 Crazy Yiuf


Innate Abilities, Weirdness & Mutations

You are partially covered in icy blue scales. (AC +2)
When hurt, damage is shared between your health and your magic reserves.


Message History

Unknown command.
Unknown command.
Unknown command.
Unknown command.
Unknown command.
Unknown command.
Unknown command.
Unknown command.
Unknown command.
Unknown command.
Unknown command.
Unknown command.
Unknown command.
Okay, then.
It was a potion of magic.
Magic courses through your body.
Crazy Yiuf hits you with a +3 quarterstaff of chaos.
* * * LOW HITPOINT WARNING * * *
Space warps horribly around you!
* * * LOW MAGIC WARNING * * *
You die...

▒▒··▒▒ ▒·▒ ▒····▒ ▒·▒ ▒▒▒▒▒
▒▒···▒ ▒·▒ ····▒ ▒▒·▒▒ ▒·▒ ····▒
▒▒·▒ ▒·▒ ····▒ ▒·▒▒ ▒·▒▒▒▒▒▒▒▒
····▒ ▒▒·▒ ▒········▒ ····▒ ▒▒▒
▒·▒▒ ▒▒▒······▒▒▒ ····▒ ▒·▒ ▒@▒
▒·'········· ··)▒▒▒▒▒▒▒·▒ ▒·g·▒
▒▒▒········· )··'·······▒ ▒···▒
▒▒▒·····▒··· ···▒·······▒ ▒)··▒
▒·'·····╬··· ···▒·▒▒▒▒▒·▒ ▒▒▒▒▒
▒▒▒·····▒··· ···▒·▒ ▒·▒
▒·····▒···
▒▒·▒·▒▒▒▒▒·▒▒▒▒▒▒▒▒▒▒▒▒▒·····▒▒··
▒·▒>·························▒··
▒·▒·▒▒▒▒▒·▒·▒▒▒▒▒▒···▒▒▒▒▒▒··▒··


You could see Crazy Yiuf.

Vanquished Creatures
  Terence (D:2)
  2 adders (D:2)
  An ooze (D:1)
  3 dart slugs
  5 bats
  3 giant cockroaches (D:2)
  7 hobgoblins
  7 jackals (D:2)
  5 kobolds
  A quokka (D:2)
  A frilled lizard (D:1)
  3 goblins
  5 rats
44 creatures vanquished.

Notes
Turn   | Place    | Note
-------+----------+-------------------------------------------
     0 | D:1      | Azzok the Demonspawn Fighter began the quest for the Orb.
     0 | D:1      | Reached XP level 1. HP: 18/18 MP: 1/1
    82 | D:1      | Reached skill level 2 in Unarmed Combat
   309 | D:1      | Gained mutation: When hurt, damage is shared between your
                  | health and your magic reserves. [demonic ancestry]
   309 | D:1      | Reached XP level 2. HP: 23/24 MP: 2/2
   585 | D:1      | Reached skill level 3 in Unarmed Combat
   979 | D:2      | Reached XP level 3. HP: 29/29 MP: 3/3
  1254 | D:2      | Noticed Terence
  1308 | D:2      | Killed Terence
  1308 | D:2      | Reached skill level 4 in Unarmed Combat
  1308 | D:2      | Gained mutation: You are partially covered in icy blue
                  | scales. (AC +2) [demonic ancestry]
  1308 | D:2      | Reached XP level 4. HP: 18/35 MP: 4/4
  1931 | D:2      | Found a runed door.
  1995 | D:2      | Noticed Crazy Yiuf
  2008 | D:2      | Paralysed by Crazy Yiuf for 7 turns
  2015 | D:2      | Slain by Crazy Yiuf

Vault maps used:
D:1:      minmay_arrival_up_and_down, skrybe_limestone_x
D:2:      chequers_serial_rivers_micro_c, uniq_terence, uniq_crazy_yiuf_cottage

Skill      XL: |  1  2  3 |
---------------+----------+-----
Unarmed Combat | 2 3 4 |  4.3
Fighting       | |  3.0
Armour         | |  2.6
Shields        | |  2.6

Action                   |  1- 3 |  4- 6 || total
-------------------------+-------+-------++-------
Melee: Unarmed           |   159 |    62 ||   221
  Use: Potion            |     1 |     2 ||     3
  Eat: Chunk             |     1 |     3 ||     4
Armor: Scale mail        |    72 |       ||    72
       Chain mail        |       |    30 ||    30
Dodge: Dodged            |    33 |    10 ||    43
Block: Shield            |    61 |    19 ||    80

Table legend:
 A = Non-vault XP
 B = Vault XP
 C = Vault XP percentage of total XP
 D = Non-vault monster count
 E = Vault monster count
 F = Vault count percentage of total count
                 A         B        C        D         E       F
            +---------+---------+-------+---------+---------+-------
      Total |     107 |      36 |  25.2 |      43 |       1 |   2.3
            +---------+---------+-------+---------+---------+-------
        D:1 |      34 |       0 |   0.0 |      17 |       0 |   0.0
        D:2 |      73 |      36 |  33.0 |      26 |       1 |   3.7
            +---------+---------+-------+---------+---------+-------
